Map: Pillars of Gold LE

Players

HellraiseR

  • Race: Protoss Protoss
  • League: Grandmaster
  • Spawn Location: 1:00

MarineLorD - Winner!

  • Race: Terran Terran
  • Spawn Location: 7:00

Event: DreamHack SC2 Masters 2020 Summer Europe

VOD

Have the link to the VOD?

Description

Time

  • Played on: June 25, 2020, 12:34 p.m.
  • Length: 13:32

All games in this series

Show
View Real Time Build Order
Export as new Build Order

HellraiseR Protoss 

Build Orders: 1 Gate Expand, Phoenix Opening, Mass Phoenix, Colossus Rush 

Get SALT Encoding   

  12  0:00  Probe  
  13  0:12  Probe  
  14  0:18  Pylon  
  14  0:22  Probe  
  15  0:32  Probe  
  15  0:37  Gateway  
  15  0:41  Probe  
  16  0:47  Assimilator  
  17  0:53  Probe  
  18  1:06  Probe  
  19  1:18  Probe  
  20  1:24  Cybernetics Core  
  20  1:39  Nexus  
  20  1:45  Pylon  
  20  1:47  Probe  
  20  1:53  Stalker  
  20  1:54  Assimilator  
  21  1:58  Probe  
  22  2:06  Probe  
  24  2:14  Probe  
  26  2:23  Stargate  
  26  2:27  Probe  
  27  2:31  Warp Gate  
  27  2:37  Adept  
  29  2:39  Probe  
  30  2:48  Probe  
  30  2:51  Probe  
  31  2:56  Probe  
  32  3:02  Phoenix  
  32  3:03  Probe  
  34  3:06  Probe  
  37  3:15  Probe  
  37  3:18  Probe  
  39  3:21  Phoenix  
  39  3:27  Probe, Pylon  
  41  3:30  Assimilator, Probe  
  43  3:39  Probe  
  44  3:42  Phoenix, Probe  
  44  3:44  Assimilator  
  44  3:46  Shield Battery  
  47  3:51  Probe  
  47  3:54  Probe  
  49  3:59  Phoenix, Pylon  
  49  4:02  Robotics Facility  
  49  4:03  Probe  
  49  4:06  Probe  
  53  4:15  Probe  
  54  4:17  Phoenix  
  54  4:18  Probe  
  55  4:27  Pylon  
  55  4:28  Probe  
  58  4:32  Gateway  
  58  4:39  Probe  
  58  4:40  Probe  
  58  4:42  Phoenix  
  62  4:51  Observer, Probe  
  64  4:53  Robotics Bay  
  64  5:04  Immortal  
  64  5:06  Pylon  
  64  5:07  Phoenix  
  64  5:08  Pylon  
  70  5:25  Nexus  
  70  5:28  Colossus  
  70  5:32  Phoenix  
  72  5:45  Observer  
  72  5:47  Gateway  
  78  5:50  Gateway  
  78  5:53  Extended Thermal Lance  
  79  6:12  Gateway  
  79  6:13  Gateway  
  79  6:14  Gateway  
  79  6:18  Sentry, Stalker, Observer  
  79  6:21  Pylon  
  79  6:23  Colossus  
  82  6:28  Shield Battery  
  82  6:30  Probe  
  82  6:31  Probe  
  90  6:45  Probe  
  91  6:52  Probe  
  92  6:55  Stalker x3  
  92  6:58  Probe  
  92  7:00  Probe  
  100  7:02  Pylon  
  100  7:04  Probe  
  100  7:06  Zealot  
  103  7:09  Pylon  
  103  7:10  Probe  
  103  7:12  Phoenix  
  81  7:23  Zealot x2  
  81  7:24  Zealot  
  81  7:27  Probe  
  75  7:30  Probe  
  75  7:32  Probe  
  69  7:40  Probe  
  69  7:42  Probe  
  69  7:43  Colossus  
  72  7:56  Probe x2  
  72  7:58  Probe  
  80  8:01  Phoenix  
  80  8:06  Pylon  
  80  8:08  Probe  
  85  8:13  Sentry x2  
  85  8:14  Sentry  
  85  8:19  Stalker  
  93  8:22  Stalker x2  
  93  8:25  Stalker  
  93  8:26  Pylon  
  97  8:27  Phoenix  
  97  8:31  Colossus  
  98  8:36  Zealot x3  
  104  8:42  Probe  
  104  8:44  Pylon  
  105  8:50  Probe  
  105  8:51  Probe  
  105  8:54  Probe  
  114  8:58  Assimilator  
  114  8:59  Assimilator  
  114  9:02  Sentry, Stalker, Probe  
  117  9:03  Zealot  
  121  9:12  Phoenix  
  123  9:18  Pylon  
  123  9:20  Stalker  
  123  9:22  Stalker  
  127  9:25  Stalker  
  127  9:26  Zealot x2  
  132  9:35  Warp Prism  
  132  9:37  Phoenix  
  130  9:50  Stalker x3  
  136  9:56  Stalker x2  
  140  10:03  Pylon  
  140  10:05  Pylon  
  140  10:06  Pylon  
  140  10:10  Disruptor  
  140  10:14  Phoenix, Forge, Twilight Council  
  127  10:31  Phoenix  
  127  10:34  Disruptor  
  127  10:39  Protoss Ground Weapons Level 1  
  127  10:42  Sentry, Stalker  
  133  10:43  Stalker x2, Zealot x3  
  133  10:49  Pylon  
  146  10:50  Charge  
  146  10:55  Nexus  
  146  10:59  Disruptor  
  146  11:02  Pylon  
  146  11:06  Zealot x3  
  155  11:11  Shield Battery  
  155  11:14  Shield Battery  
  155  11:25  Robotics Facility  
  155  11:31  Photon Cannon, Disruptor  
  155  11:33  Shield Battery  
  155  11:36  Pylon  
  158  11:46  Photon Cannon, Stalker x2  
  158  11:47  Zealot  
  164  12:06  Stalker x4  
  164  12:07  Disruptor  
  168  12:15  Disruptor  
  134  12:20  Stalker x3  
  141  12:37  Nexus  
  141  12:43  Disruptor  
  144  12:51  Disruptor  
  147  12:52  Pylon  
  147  12:53  Probe x2  
  147  12:57  Probe  
  150  13:05  Probe x2  
  150  13:10  Pylon  
  148  13:17  Probe  
  148  13:19  Probe  
  135  13:21  Stalker x4  
Show
View Real Time Build Order
Export as new Build Order

MarineLorD Terran - Winner!

Build Orders:  

Get SALT Encoding   

  12  0:00  SCV  
  13  0:12  SCV  
  14  0:18  Supply Depot  
  14  0:24  SCV  
  15  0:39  SCV  
  15  0:41  Barracks  
  16  0:45  Refinery  
  16  0:51  SCV  
  17  1:03  SCV  
  18  1:15  SCV  
  19  1:27  Marine  
  19  1:28  Orbital Command  
  20  1:46  Command Center  
  20  1:47  Barracks Reactor  
  20  1:54  SCV  
  20  2:00  Supply Depot  
  21  2:06  SCV  
  22  2:12  Factory  
  22  2:18  SCV  
  23  2:23  Marine  
  23  2:24  Marine  
  23  2:27  Refinery  
  25  2:30  SCV  
  26  2:42  Marine, SCV  
  26  2:43  Marine  
  29  2:55  SCV  
  29  2:56  Starport  
  29  2:58  Widow Mine  
  32  3:02  Orbital Command  
  32  3:06  Marine  
  32  3:09  SCV  
  32  3:11  Marine  
  35  3:19  Widow Mine  
  37  3:22  SCV  
  37  3:25  Supply Depot  
  38  3:27  SCV  
  38  3:29  Marine  
  38  3:30  Marine  
  41  3:34  Medivac  
  41  3:37  SCV  
  41  3:40  SCV  
  45  3:47  Marine, Widow Mine  
  48  3:48  Marine  
  48  3:51  Supply Depot  
  49  4:01  SCV x2  
  51  4:06  Barracks  
  51  4:07  Barracks  
  51  4:09  Widow Mine  
  53  4:12  Supply Depot  
  53  4:14  Medivac  
  53  4:16  SCV  
  56  4:18  SCV  
  56  4:20  Marine  
  56  4:22  Marine  
  59  4:26  Supply Depot  
  59  4:29  SCV  
  60  4:34  Engineering Bay  
  60  4:38  Bunker, Factory Tech Lab  
  60  4:42  SCV x2  
  60  4:45  Marine x2  
  58  4:55  Supply Depot  
  58  4:59  Barracks Tech Lab  
  58  5:01  SCV x2  
  58  5:03  Terran Infantry Weapons Level 1  
  60  5:07  Missile Turret  
  60  5:11  Stimpack, Marauder, Marine x2  
  64  5:16  Combat Shield  
  64  5:18  Supply Depot, Marauder  
  66  5:25  Starport Reactor, Factory Reactor  
  66  5:28  Refinery  
  66  5:29  Marine x2  
  66  5:31  SCV x2  
  70  5:36  Marauder  
  70  5:40  Marauder  
  73  5:49  Marine x2  
  75  5:53  Missile Turret  
  75  5:58  Marauder  
  75  6:01  Marine  
  75  6:02  Medivac  
  75  6:03  Medivac  
  82  6:12  Marine x2  
  82  6:18  Marine, Command Center  
  84  6:19  Marauder  
  84  6:21  SCV  
  88  6:29  Refinery  
  88  6:31  Supply Depot, Barracks  
  88  6:32  Supply Depot  
  88  6:34  Barracks  
  88  6:37  Marauder  
  88  6:38  SCV, Medivac x2  
  93  6:49  Supply Depot  
  93  6:56  Marauder, Marine x2  
  93  6:58  Marauder, Terran Infantry Armor Level 1  
  93  7:00  SCV  
  100  7:01  SCV  
  101  7:14  SCV  
  101  7:15  SCV  
  98  7:20  Marauder, Marine x2  
  96  7:27  SCV  
  96  7:29  Marauder  
  88  7:31  Medivac  
  88  7:32  Medivac  
  88  7:36  Orbital Command  
  83  7:38  Marine x2  
  83  7:40  SCV x2  
  83  7:44  Marauder  
  83  7:49  Marine  
  82  7:52  SCV x2  
  82  7:56  Engineering Bay, Barracks Tech Lab  
  82  7:57  Concussive Shells, Barracks Reactor  
  84  7:59  Armory  
  84  8:02  Orbital Command  
  84  8:04  SCV  
  85  8:06  Missile Turret  
  85  8:07  SCV  
  85  8:09  Viking  
  85  8:12  Viking  
  90  8:16  SCV  
  90  8:19  Marauder, SCV  
  94  8:21  Marauder  
  94  8:22  Marine  
  94  8:23  Marine  
  94  8:26  Marauder  
  100  8:29  SCV  
  100  8:34  SCV x2  
  103  8:39  Viking  
  103  8:40  Marauder  
  107  8:42  Marine x3, Viking  
  107  8:43  Marine  
  107  8:44  SCV  
  107  8:47  Refinery  
  114  8:49  Refinery, SCV x2  
  114  8:55  Marauder x2  
  120  8:59  Supply Depot  
  120  9:00  Marine, SCV  
  120  9:01  Supply Depot, SCV  
  123  9:03  SCV  
  123  9:05  Marauder  
  126  9:10  Viking  
  126  9:11  Marine  
  126  9:12  Marine, SCV, Viking  
  133  9:20  Supply Depot, Marine x2  
  133  9:21  Terran Infantry Weapons Level 2  
  133  9:23  Supply Depot  
  135  9:25  Terran Infantry Armor Level 2  
  135  9:37  SCV x2  
  133  9:45  Marine, Viking x2  
  134  9:46  Marauder, Marine x3  
  134  9:47  Marauder x2  
  144  10:00  Terran Ship Weapons Level 1  
  144  10:03  Ghost Academy  
  144  10:05  Marine x2  
  144  10:06  Command Center  
  146  10:07  Marauder  
  146  10:08  Marauder  
  149  10:22  Marine x2  
  149  10:24  Marine  
  156  10:29  Viking  
  156  10:30  Supply Depot x2  
  156  10:31  Viking  
  156  10:32  Supply Depot  
  156  10:33  Supply Depot  
  160  10:40  Bunker, Ghost x3  
  162  10:43  Enhanced Shockwaves  
  162  10:49  SCV x2  
  165  10:50  SCV  
  165  11:00  Viking  
  165  11:01  SCV, Viking  
  170  11:05  Marine x3  
  170  11:07  Refinery  
  170  11:09  Refinery  
  170  11:10  Missile Turret  
  173  11:15  Sensor Tower, Marauder x3  
  173  11:17  Supply Depot  
  179  11:21  Planetary Fortress  
  179  11:26  Marine x3  
  179  11:27  Marine  
  183  11:37  Marauder, Command Center  
  185  11:48  Marauder x2, Marine  
  185  11:51  Marine  
  185  11:52  Marine  
  191  11:58  Marauder  
  193  12:07  Marine  
  193  12:08  Marine  
  184  12:09  Marauder, Marine x2  
  184  12:10  Marauder  
  183  12:19  Marine  
  180  12:25  Starport, Marine  
  180  12:26  Marine, Fusion Core  
  180  12:27  Marine x2  
  184  12:30  Marine  
  184  12:31  Marauder  
  184  12:37  Marine  
  187  12:40  Barracks x2  
  187  12:43  Barracks  
  188  12:48  Command Center  
  188  12:50  Missile Turret  
  190  12:53  Marine x2, Missile Turret  
  190  12:58  Marine  
Tags
 
Add a new tag
Caveats
  • Supply blocks, unpowered buildings, or Contaminate may cause inaccurate times.
  • Supply counts are checked every 10 seconds.